 Dungeon Crawl Stone Soup version 0.23-a0-558-g30802b1 (webtiles) character file.

961 nikopol the Chopper (level 7, 0/62 HPs)
             Began as a Minotaur Berserker on Dec 11, 2018.
             Was a Priest of Trog.
             Slain by a gnoll (2 damage)
             ... on level 5 of the Dungeon.
             The game lasted 00:05:36 (2889 turns).

nikopol the Chopper (Minotaur Berserker)            Turns: 2889, Time: 00:05:37

Health: 0/62       AC:  8    Str: 22    XL:     7   Next: 92%
Magic:  6/6        EV:  7    Int:  4    God:    Trog [***...]
Gold:   188        SH:  0    Dex: 11    Spells: 6/6 levels left

rFire    . . .     SeeInvis .   a - +0 hand axe
rCold    . . .     Gourm    .   (no shield)
rNeg     . . .     Faith    .   f - +0 ring mail
rPois    .         Spirit   .   (helmet restricted)
rElec    .         Reflect  .   o - +1 cloak
rCorr    .         Harm     .   (no gloves)
MR       .....                  (no boots)
Stlth    +.........             (no amulet)
HPRegen  0.20/turn              (no ring)
MPRegen  0.10/turn              (no ring)

@: berserk cooldown, held, slowed, very slow
A: retaliatory headbutt, horns 2
a: Berserk, Trog's Hand, Renounce Religion


You were on level 5 of the Dungeon.
You worshipped Trog.
Trog was most pleased with you.
You were very hungry.

You visited 1 branch of the dungeon, and saw 5 of its levels.

You collected 188 gold pieces.

Inventory:

Hand Weapons
 a - a +0 hand axe (weapon)
Missiles
 h - 79 arrows
Armour
 b - a +0 animal skin
 f - a +0 ring mail (worn)
 o - a +1 cloak (worn)
Wands
 q - a wand of iceblast (14)
Scrolls
 d - 2 scrolls of enchant weapon {unknown}
 e - a scroll of noise {unknown}
 i - 3 scrolls of fear {unknown}
 k - 5 scrolls of identify {unknown}
 l - 5 scrolls of remove curse {unknown}
 r - 2 scrolls of blinking {unknown}
 s - a scroll of fog {unknown}
 t - a scroll of magic mapping {unknown}
 v - a scroll of enchant armour {unknown}
Potions
 g - 2 potions of curing {unknown}
 j - 3 potions of heal wounds {unknown}
 m - a potion of degeneration {unknown}
 p - a potion of mutation {unknown}
 u - a potion of might {unknown}
Comestibles
 c - 8 rations


   Skills:
 + Level 5.7 Fighting
 + Level 7.5 Axes
 + Level 6.2 Armour
 + Level 4.7 Dodging
 + Level 0.3 Stealth


You had 6 spell levels left.
You didn't know any spells.
Your spell library was empty.

Dungeon Overview and Level Annotations

Branches:
Dungeon (5/15)
 Temple: D:4-7

Altars:
Nemelex Xobeh

Shops:
D:4 :


Innate Abilities, Weirdness & Mutations

You reflexively headbutt those who attack you in melee.
You have a pair of horns on your head.


Message History

You feel a strong urge to attack something.
The worker ant bites you but does no damage.
You struggle against the net.
The ogre hits you with a +0 giant club! The gnoll hits you.
You struggle against the net.
You feel your anger nearly subside. The worker ant closely misses you.
The gnoll hits you.
You struggle against the net.
You are no longer berserk.
You are exhausted.
You feel yourself slow down.
The ogre hits you with a +0 giant club!!
* * * LOW HITPOINT WARNING * * *
The worker ant barely misses you. You furiously retaliate!
You headbutt the worker ant, but do no damage.
You hear a shout!
You struggle against the net.
The worker ant barely misses you. You furiously retaliate!
You headbutt the worker ant. The gnoll hits you but does no damage.
The gnoll hits you.
You die...

########### # #.........# .#
#.#######.# .# #.#
#####.#####.##### #.#
#.....##!.......#
#.###.##..##gga...#(#
#(...........@O......
#.....(...##.##$###.#
##.##.###.##... .. ## #.##.#
#.#####.### # ..# #....# #.#
##+## #. #.#. #..### #.#
##...## #.###.#. #..###
#†###.....## ......
#..#.###.##.......## ##.#.#
#........#.........####....##


You could see an ogre, a worker ant and 2 gnolls.

Vanquished Creatures
  3 ogres (D:4)
  A phantom (D:4)
  A scorpion (D:5)
  2 howler monkeys
  A crimson imp (D:5)
  A hound (D:4)
  A jelly (D:5)
  Crazy Yiuf (D:2)
  A centaur skeleton (D:4)
  Jessica (D:2)
  2 iguanas
  Natasha (thrice) (D:2)
  A worker ant (D:3)
  7 adders (D:2)
  An ooze (D:2)
  3 worms
  2 dart slugs
  8 leopard geckos
  3 orcs
  3 ball pythons
  5 giant cockroaches
  5 goblins
  7 hobgoblins
  9 jackals
  9 bats
  7 frilled lizards
  7 kobolds
  7 rats
102 creatures vanquished.

Notes
Turn   | Place    | Note
-------+----------+-------------------------------------------
     0 | D:1      | nikopol the Minotaur Berserker began the quest for the Orb.
     0 | D:1      | Reached XP level 1. HP: 19/19 MP: 0/0
   158 | D:1      | Reached XP level 2. HP: 27/27 MP: 1/1
   180 | D:1      | Reached skill level 4 in Axes
   271 | D:1      | Reached XP level 3. HP: 14/33 MP: 2/2
   277 | D:1      | Reached ** piety under Trog
   690 | D:2      | Noticed Natasha
   702 | D:2      | Killed Natasha
   703 | D:2      | Reached XP level 4. HP: 31/41 MP: 3/3
   727 | D:2      | Found a faded altar of an unknown god.
   741 | D:2      | Noticed Natasha
   750 | D:2      | Killed Natasha
   750 | D:2      | Reached skill level 5 in Axes
   837 | D:2      | Noticed Natasha
   843 | D:2      | Killed Natasha
   843 | D:2      | Reached XP level 5. HP: 31/47 MP: 4/4
  1100 | D:2      | Found a runed door.
  1255 | D:2      | Noticed Jessica
  1273 | D:2      | Killed Jessica
  1392 | D:2      | Noticed Crazy Yiuf
  1396 | D:2      | Paralysed by Crazy Yiuf for 7 turns
  1404 | D:2      | Killed Crazy Yiuf
  1499 | D:3      | Found a sparkling altar of Nemelex Xobeh.
  1506 | D:3      | Reached *** piety under Trog
  1546 | D:3      | Reached XP level 6. HP: 52/55 MP: 5/5
  1623 | D:3      | Reached skill level 5 in Fighting
  2150 | D:4      | Reached skill level 6 in Axes
  2203 | D:4      | Reached skill level 5 in Armour
  2203 | D:4      | Reached XP level 7. HP: 34/61 MP: 6/6
  2433 | D:4      | Reached skill level 7 in Axes
  2624 | D:4      | Found Ixtett's Book Boutique.
  2678 | D:5      | Entered Level 5 of the Dungeon
  2888 | D:5      | HP: 2/62 [ogre/+0 giant club (28)]
  2889 | D:5      | Slain by a gnoll

Vault maps used:
D:1:      lemuel_arrival_tunnels, minmay_tetromino_o4
D:2:      minmay_angry_zag, first_ration, chequers_ecumenical_altar_island,
          uniq_natasha, uniq_jessica, uniq_crazy_yiuf_cottage
D:3:      nemelex_xobeh_ov_fountains_minmay
D:4:      serial_shops, shop

Skill      XL: |  1  2  3  4  5  6  7 |
---------------+----------------------+-----
Fighting       | 4 5 |  5.7
Axes           | 4 5 6 7 |  7.5
Armour         | 3 4 5 6 |  6.2
Dodging        | 3 4 |  4.7
Stealth        | |  0.3

Action                   |  1- 3 |  4- 6 |  7- 9 || total
-------------------------+-------+-------+-------++-------
Melee: Hand axe          |    57 |   128 |    63 ||   248
       Headbutt          |     8 |    27 |    18 ||    53
Invok: Berserk           |     1 |     1 |     1 ||     3
  Eat: Chunk             |       |     6 |     2 ||     8
Armor: Ring mail         |    31 |    34 |    22 ||    87
Dodge: Dodged            |    39 |    75 |    32 ||   146

Table legend:
 A = Non-vault XP
 B = Vault XP
 C = Vault XP percentage of total XP
 D = Non-vault monster count
 E = Vault monster count
 F = Vault count percentage of total count
                 A         B        C        D         E       F
            +---------+---------+-------+---------+---------+-------
      Total |    1223 |     151 |  11.0 |      90 |      12 |  11.8
            +---------+---------+-------+---------+---------+-------
        D:1 |      46 |       8 |  14.8 |      27 |       3 |  10.0
        D:2 |     173 |     143 |  45.3 |      25 |       9 |  26.5
        D:3 |     126 |       0 |   0.0 |      18 |       0 |   0.0
        D:4 |     676 |       0 |   0.0 |      14 |       0 |   0.0
        D:5 |     202 |       0 |   0.0 |       6 |       0 |   0.0
            +---------+---------+-------+---------+---------+-------
